 Dungeon Crawl Stone Soup version 0.28.0-45-g0d030f2227 (webtiles) character file.

Game seed: 1255413786463485445

37428 gohu the Severer (level 13, -12/130 HPs)
             Began as a Hill Orc Fighter on May 22, 2022.
             Was a High Priest of Trog.
             Mangled by a minotaur
             ... wielding the +8 halberd "Transmigrator" {flame, SInv}
              (30 damage)
             ... in a Gauntlet.
             The game lasted 00:50:29 (13923 turns).

gohu the Severer (Hill Orc Fighter)                Turns: 13923, Time: 00:50:30

Health: -12/130    AC: 23    Str: 32    XL:     13   Next: 96%
Magic:  13/13      EV: 12    Int: 10    God:    Trog [*****.]
Gold:   1245       SH:  5    Dex: 10    Spells: 12/12 levels left

rFire   x . .      SeeInvis .   t - +9 war axe of Dishonesty {vorpal, Will+}
rCold   + + .      Faith    .   c - +0 buckler
rNeg    . . .      Spirit   .   W - +1 plate armour "Comergh" {+Blink rC+ Int+2}
rPois   +          Reflect  .   e - +2 hat "Cel Yxoh" {Harm rElec Str+4}
rElec   +          Harm     +   F - +0 cloak
rCorr   .          Rampage  .   i - +0 pair of gloves
Will    +....      NoTele   +   (no boots)
Stlth   ..........              S - amulet of regeneration
HPRegen 1.11/turn               P - ring "Cuxix" {Ice +Blink rPois Str+4}
MPRegen 0.13/turn               u - +4 ring of evasion

@: no status effects
A: no striking features
a: Renounce Religion, Evoke Blink, Berserk, Trog's Hand, Brothers in Arms


You were in a Gauntlet.
You worshipped Trog.
Trog was extremely pleased with you.
You visited 3 branches of the dungeon, and saw 16 of its levels.
You also visited: Gauntlet.

You collected 2169 gold pieces.
You spent 924 gold pieces at shops.

Inventory:

Hand Weapons
 h - the +11 war axe "Tumiuweg" {drain, rF+ Str+4 Dex-3}
   (You found it in a Gauntlet)

   A truly terrible weapon, it drains the life of any living foe it strikes.
   Str:       It affects your strength (+4).
   Dex:       It affects your dexterity (-3).
   rF:        It protects you from fire.
 t - the +9 war axe of Dishonesty (weapon) {vorpal, Will+}
   (You found it on level 3 of the Dungeon)

   It inflicts extra damage upon your enemies.
   Will:      It increases your willpower.
 z - a +0 vorpal broad axe
 Q - a +0 war axe of flaming
Missiles
 f - 7 boomerangs
 x - 5 javelins (quivered)
 R - 2 throwing nets
Armour
 c - a +0 buckler (worn)
 e - the +2 hat "Cel Yxoh" (worn) {Harm rElec Str+4}
   (You acquired it on level 9 of the Dungeon)

   Str:       It affects your strength (+4).
   rElec:     It insulates you from electricity.
   Harm:      It increases damage dealt and taken.
 i - a +0 pair of gloves (worn)
 F - a +0 cloak (worn)
 L - the +1 pair of gloves of True Grit {Rampage rF- Dex+3}
   (You found it in a Gauntlet)

   Dex:       It affects your dexterity (+3).
   rF:        It makes you vulnerable to fire.
   Rampage:   It bestows one free step when moving towards enemies.
 W - the +1 plate armour "Comergh" (worn) {+Blink rC+ Int+2}
   (You bought it in a shop on level 6 of the Dungeon)

   Int:       It affects your intelligence (+2).
   rC:        It protects you from cold.
   +Blink:    It lets you blink.
Jewellery
 b - a +6 ring of strength
 g - a ring of flight
 n - an amulet of guardian spirit
 p - an amulet of reflection
 u - a +4 ring of evasion (right hand)
 B - a ring of see invisible
 C - a ring of resist corrosion
 H - a ring of positive energy
 O - a +6 ring of strength
 P - the ring "Cuxix" (left hand) {Ice +Blink rPois Str+4}
   (You found it on level 4 of the Lair of Beasts)

   [ring of ice]

   It enhances your ice magic.
   Str:       It affects your strength (+4).
   rF:        It makes you vulnerable to fire.
   rC:        It protects you from cold.
   rPois:     It protects you from poison.
   +Blink:    It lets you blink.
 S - an amulet of regeneration (around neck)
 X - a ring of protection from fire
Wands
 r - a wand of charming (6)
 y - a wand of acid (22)
 G - a wand of mindburst (25)
 N - a wand of iceblast (1)
Scrolls
 l - a scroll of holy word
 w - 6 scrolls of teleportation
 A - 5 scrolls of fog
 D - a scroll of identify
 E - 5 scrolls of enchant armour
 I - a scroll of silence
 J - a scroll of magic mapping
 U - a scroll of blinking
 V - a scroll of enchant weapon
Potions
 a - a potion of invisibility {unknown}
 d - 5 potions of curing {unknown}
 j - 4 potions of haste {unknown}
 k - 5 potions of heal wounds {unknown}
 m - a potion of attraction {unknown}
 o - 2 potions of flight {unknown}
 q - a potion of degeneration {unknown}
 s - a potion of ambrosia {unknown}
 v - a potion of magic {unknown}
 K - 3 potions of lignification {unknown}
 M - a potion of berserk rage {unknown}
 T - a potion of brilliance {unknown}
 Z - a potion of cancellation {unknown}


   Skills:
 * Level 16.9 Fighting
 + Level 17.0 Axes
 + Level 14.7 Armour
 - Level 5.0 Shields
 + Level 2.0 Evocations


You had 12 spell levels left.
You didn't know any spells.
Your spell library contained the following spells:

 Spells                   Type           Power      Damage    Failure   Level
 Freeze                   Ice            0%         1d3       94%         1
 Frozen Ramparts          Ice            0%         1d2       100%        3
 Hailstorm                Conj/Ice       0%         3d3       100%        4


Dungeon Overview and Level Annotations

Branches:
Dungeon (9/15)             Temple (1/1) D:4            Lair (6/6) D:9
 Shoals (0/4) Lair:4       Spider (0/4) Lair:3        Slime (0/5) Lair:6
Gauntlet (1/1)
    Orc: D:9-12

Altars:
Ashenzari
Cheibriados
Dithmenos
Elyvilon
Fedhas
Gozag
Hepliaklqana
Kikubaaqudgha
Makhleb
Nemelex Xobeh
Okawaru
Qazlal
Ru
Sif Muna
Trog
Uskayaw
Vehumet
Wu Jian
Xom
Yredelemnul
Zin
The Shining One
Beogh

Shops:
D:6 [*

Annotations:
Gauntlet 6 transporters, 1 runed translucent door, exclusion: obsidian statue


Message History

The quicksilver ooze hits you but does no damage.
You hit the quicksilver ooze.
The quicksilver ooze is lightly wounded.
Your lungs strain for air!
The quicksilver ooze hits you!
The quicksilver ooze hits you but does no damage.
You slice the quicksilver ooze!!
You kill the quicksilver ooze!
Trog accepts your kill.
You gasp with relief as air once again reaches your lungs.
O - a +6 ring of strength
X - a ring of protection from fire
There is a transporter here.
You enter the transporter and appear at another place.
You start resting.
HP restored.
Okay, then.
Found an ivory wand.
Found a gate leading back out of this place.
A minotaur comes into view.
It is wielding the +8 halberd "Transmigrator" {flame, SInv} and wearing the ring "Oduxt" {Fly rC+}.
The minotaur bellows!
The minotaur throws a javelin.
The javelin pierces through you!!
There is an open door, spattered with blood here.
You block the minotaur's attack. The minotaur barely misses you.
You slice the minotaur!!
The minotaur is moderately wounded.
The minotaur closely misses you. You block the minotaur's attack.
You slash the minotaur!
The minotaur is heavily wounded.
You completely miss the minotaur.
The minotaur is heavily wounded.
The minotaur hits you with the +8 halberd "Transmigrator" {flame, SInv}!!
The minotaur burns you!
The minotaur gores you but does no damage.
You slash the minotaur!
The minotaur is severely wounded.
The minotaur hits you with the +8 halberd "Transmigrator" {flame, SInv}!!!
* * * LOW HITPOINT WARNING * * *
The minotaur burns you!!
You die...

................
##.###.###.####
##.###.###.###
#.............#
#.###.###.###.#
#.###.###.###.#
#.............#
######'#######
#..@..# ###H###
... ≈≈∩≈≈
#≈≈≈≈≈# #######


You could see a minotaur.

Vanquished Creatures
  Gastronok (Lair:3)
  A quicksilver ooze (Gauntlet)
  Nessos (Lair:5)
  Josephine (Lair:5)
  7 hydras
  Harold (D:9)
  A catoblepas (Gauntlet)
  Erica (D:9)
  A two-headed ogre (D:9)
  Pikel (D:4)
  A wolf spider (Lair:3)
  Maurice (D:8)
  3 merfolk sirens (Lair:4)
  6 centaur zombies
  3 black mambas
  3 elephants (Gauntlet)
  2 gargoyles (Gauntlet)
  A torpor snail (Gauntlet)
  Joseph (D:8)
  12 cane toads
  4 rime drakes
  An unseen horror (D:8)
  9 komodo dragons
  A merfolk (Lair:4)
  2 polar bears
  12 dream sheep
  9 blink frogs
  Eustachio (D:5)
  4 wyverns
  5 wraiths
  12 yaks
  5 basilisks
  Menkaure (D:5)
  Edmund (D:5)
  11 water moccasins
  A black bear (D:3)
  A sky beast (D:5)
  A necrophage (D:6)
  7 orc warriors
  4 ogres
  3 centaurs
  A phantom (D:7)
  12 wolves
  A kobold brigand (D:5)
  10 bullfrogs
  A scorpion (D:4)
  A gnoll sergeant (D:7)
  7 killer bees (D:9)
  5 wights (D:8)
  A lava snake (D:7)
  2 bullfrog zombies
  A jelly (D:7)
  3 hounds
  7 orc priests
  A gnoll shaman (D:4)
  Jessica (D:2)
  Ijyb (D:5)
  2 iguanas (D:5)
  10 orc wizards
  7 hell rats (Lair:4)
  A hound zombie (D:5)
  8 gnolls
  4 adders
  An ufetubus (D:6)
  An adder skeleton (D:4)
  5 worms
  2 dart slugs
  59 orcs
  8 ball pythons
  9 endoplasms
  3 giant cockroaches
  7 goblins
  10 hobgoblins
  7 jackals
  14 kobolds
  3 quokkas
  5 bats
  A frilled lizard (D:1)
  2 rats (D:1)
  A butterfly (Lair:4)
369 creatures vanquished.

Vanquished Creatures (others)
  11 fungi
  102 plants
113 creatures vanquished.

Grand Total: 482 creatures vanquished

Notes
Turn   | Place    | Note
-------+----------+-------------------------------------------
     0 | D:1      | gohu the Hill Orc Fighter began the quest for the Orb.
     0 | D:1      | Reached XP level 1. HP: 19/19 MP: 1/1
   198 | D:1      | Reached skill level 3 in Axes
   198 | D:1      | Reached XP level 2. HP: 25/27 MP: 2/2
   534 | D:1      | Reached XP level 3. HP: 33/33 MP: 3/3
   536 | D:1      | Found a faded altar of an unknown god.
   580 | D:1      | You fall into a shaft and drop 1 floor!
   710 | D:2      | Reached skill level 4 in Axes
   877 | D:2      | Reached XP level 4. HP: 36/40 MP: 4/4
  1219 | D:2      | Noticed Jessica
  1228 | D:2      | Killed Jessica
  1229 | D:2      | Reached skill level 5 in Axes
  1735 | D:3      | Noticed an ogre
  1748 | D:3      | Killed an ogre
  1749 | D:3      | Reached skill level 6 in Axes
  1749 | D:3      | Reached XP level 5. HP: 34/47 MP: 5/5
  1843 | D:3      | Noticed a black bear
  1927 | D:3      | Identified the +9 war axe of Dishonesty {vorpal, Will+}
  2088 | D:3      | Killed a black bear
  2089 | D:3      | Reached skill level 7 in Axes
  2089 | D:3      | Reached XP level 6. HP: 44/53 MP: 6/6
  2505 | D:4      | Found a staircase to the Ecumenical Temple.
  2512 | Temple   | Entered the Ecumenical Temple
  2657 | Temple   | Became a worshipper of Trog the Wrathful
  2687 | D:4      | Found a burning altar of Makhleb.
  2740 | D:4      | Reached skill level 8 in Axes
  2805 | D:4      | Reached XP level 7. HP: 58/60 MP: 7/7
  3085 | D:4      | Noticed Pikel
  3094 | D:4      | Killed Pikel
  3095 | D:4      | Reached skill level 5 in Fighting
  3095 | D:4      | Reached skill level 10 in Axes
  3095 | D:4      | Reached skill level 5 in Armour
  3095 | D:4      | Reached XP level 8. HP: 48/68 MP: 8/8
  3365 | D:5      | Entered Level 5 of the Dungeon
  3397 | D:5      | Noticed Eustachio
  3421 | D:5      | Killed Eustachio
  3421 | D:5      | Reached * piety under Trog
  3455 | D:5      | Reached skill level 11 in Axes
  3519 | D:5      | Noticed Ijyb
  3524 | D:5      | Killed Ijyb
  4061 | D:5      | Noticed Edmund
  4067 | D:5      | Killed Edmund
  4107 | D:5      | Noticed Menkaure
  4117 | D:5      | Killed Menkaure
  4118 | D:5      | Reached skill level 12 in Axes
  4289 | D:5      | Reached XP level 9. HP: 69/75 MP: 9/9
  4776 | D:6      | Reached skill level 13 in Axes
  5021 | D:6      | Found Hutsuph's Overcharged Wands.
  5274 | D:6      | Found Junwunasa's Antique Armour Boutique.
  5872 | D:7      | Found a snail-covered altar of Cheibriados.
  5872 | D:7      | Found an ancient bone altar of Kikubaaqudgha.
  5947 | D:7      | Reached ** piety under Trog
  6249 | D:7      | Reached skill level 14 in Axes
  6776 | D:7      | Reached XP level 10. HP: 83/84 MP: 10/10
  6936 | D:7      | Found an iron altar of Okawaru.
  6985 | D:8      | Noticed Maurice
  6990 | D:8      | Killed Maurice
  7053 | D:8      | Noticed an unseen horror
  7065 | D:8      | Killed an unseen horror
  7066 | D:8      | Reached skill level 15 in Axes
  7070 | D:8      | Found a radiant altar of Vehumet.
  7289 | D:8      | Noticed Joseph
  7305 | D:8      | Killed Joseph
  7321 | D:8      | Reached skill level 5 in Shields
  7594 | D:8      | Found a white marble altar of Elyvilon.
  7769 | D:8      | Reached skill level 16 in Axes
  8007 | D:9      | Identified a scroll of acquirement
  8013 | D:9      | Acquired the +2 hat "Cel Yxoh" {Harm rElec Str+4}
  8036 | D:9      | Found a staircase to the Lair.
  8191 | D:9      | Noticed Erica
  8203 | D:9      | Killed Erica
  8203 | D:9      | Reached *** piety under Trog
  8493 | D:9      | Noticed Harold
  8504 | D:9      | Killed Harold
  8505 | D:9      | Reached XP level 11. HP: 95/95 MP: 11/11
  8537 | D:9      | Noticed a two-headed ogre
  8541 | D:9      | Killed a two-headed ogre
  8542 | D:9      | Reached skill level 10 in Armour
  8823 | D:9      | Reached **** piety under Trog
  8828 | D:9      | Found a roughly hewn altar of Beogh.
  9137 | Lair:1   | Entered Level 1 of the Lair of Beasts
  9246 | Lair:1   | Reached skill level 10 in Fighting
  9806 | Lair:2   | Identified the +9 hand axe of Defence {vorpal, *Corrode rF+
                  | Int+7}
  9919 | Lair:2   | Reached XP level 12. HP: 110/110 MP: 12/12
 10175 | Lair:2   | Noticed a seven-headed hydra
 10184 | Lair:2   | Killed a four-headed hydra
 10220 | Lair:2   | Reached ***** piety under Trog
 10566 | Lair:3   | Found a hole to the Spider Nest.
 10683 | Lair:3   | Noticed Gastronok
 10698 | Lair:3   | Killed Gastronok
 10753 | Lair:3   | Found a snail-covered altar of Cheibriados.
 10875 | Lair:3   | Received a gift from Trog
 11045 | Lair:3   | Noticed an eight-headed hydra
 11050 | Lair:3   | Killed a seven-headed hydra
 11225 | Lair:3   | You fall into a shaft and drop 1 floor!
 11246 | Lair:4   | Reached XP level 13. HP: 117/125 MP: 13/13
 11490 | Lair:4   | Reached skill level 15 in Fighting
 11850 | Lair:4   | Reached skill level 1 in Evocations
 11855 | Lair:4   | Identified the ring "Cuxix" {Ice +Blink rPois Str+4}
 11866 | Lair:4   | Found a staircase to the Shoals.
 12142 | Lair:5   | Noticed Nessos
 12158 | Lair:5   | Killed Nessos
 12190 | Lair:5   | Noticed Josephine
 12197 | Lair:5   | Killed Josephine
 12585 | Lair:5   | Acquired 1269 gold pieces
 12816 | D:6      | Bought a jewelled plate armour for 924 gold pieces
 12816 | D:6      | Identified the +1 plate armour "Comergh" {+Blink rC+ Int+2}
                  | (You bought it in a shop on level 6 of the Dungeon)
 13574 | Lair:6   | Entered Level 6 of the Lair of Beasts
 13590 | Lair:6   | Found a gate leading to a gauntlet.
 13593 | Lair:6   | Found a glowing golden altar of the Shining One.
 13600 | Gauntlet | Entered a Gauntlet
 13600 | Gauntlet | Found a transporter.
 13600 | Gauntlet | Found a transporter.
 13622 | Gauntlet | Found a transporter.
 13622 | Gauntlet | Found a transporter.
 13626 | Gauntlet | Found a transporter.
 13626 | Gauntlet | Found a transporter.
 13658 | Gauntlet | Found a transporter.
 13662 | Gauntlet | Found a transporter.
 13667 | Gauntlet | Noticed a quicksilver ooze
 13675 | Gauntlet | Found a transporter.
 13690 | Gauntlet | Found a transporter.
 13704 | Gauntlet | Found a transporter.
 13708 | Gauntlet | Found a transporter.
 13710 | Gauntlet | Found a runed translucent door.
 13714 | Gauntlet | Found a runed translucent door.
 13815 | Gauntlet | Identified the +11 war axe "Tumiuweg" {drain, rF+ Str+4
                  | Dex-3}
 13854 | Gauntlet | Reached skill level 17 in Axes
 13860 | Gauntlet | Identified the +1 pair of gloves of True Grit {Rampage rF-
                  | Dex+3}
 13885 | Gauntlet | Killed a quicksilver ooze
 13917 | Gauntlet | Identified the +8 halberd "Transmigrator" {flame, SInv}
 13917 | Gauntlet | Identified the ring "Oduxt" {Fly rC+}
 13917 | Gauntlet | Noticed a minotaur
 13923 | Gauntlet | Mangled by a minotaur

Illustrated notes

Levels and vault maps discovered:
D:1:      roderic_crop_circles_arrival_small, layout_rooms,
          shapermc_ecumenical_altar_mp_highgroup
D:2:      layout_basic, uniq_jessica
D:3:      layout_loops_ring, minmay_circle_x
D:4:      layout_rooms, bloody_makhleb, minmay_temple_entry_junction_2,
          uniq_pikel
D:5:      layout_cave_pods, nrook_mini_backslash, uniq_edmund, uniq_eustachio,
          uniq_ijyb, uniq_menkaure
D:6:      layout_basic, serial_shops, shop, nicolae_shop_overcharged_wands
D:7:      layout_loops_corners, kennysheep_okawaru_gauntlet,
          gammafunk_temple_overflow_wave, minmay_misc_feat_rows,
          nicolae_lava_and_water
D:8:      layout_basic, lemuel_tele_altar, mainiacjoe_overflow_cross_hatched,
          uniq_joseph, uniq_maurice
D:9:      layout_roguey [special_room_orc], david_lair_shrubbed, special_room
          [special_room_orc], nicolae_fountain_basement, uniq_erica, uniq_harold
Temple:   compressed_dpeg_circular_temple
Lair:1:   layout_hall_layers
Lair:2:   layout_loops_ring, lemuel_fruit_tree, grunt_megastairs_2
Lair:3:   layout_hall_layers, spider_nest_entry_rubble, basic_altar,
          uniq_gastronok
Lair:4:   layout_roguey, elwin_shoals_entry_stream, special_room
          [special_room_mythical_zoo], minmay_holes, lemuel_fruit_fields
Lair:5:   layout_cave_pods, uniq_josephine, uniq_nessos
Lair:6:   hangedman_lair_caniforms_friends, layout_regular_city, slime_altar_1,
          basic_altar, gauntlet_entry_generic
Gauntlet: minmay_gauntlet_77_indecision [minmay_gauntlet_arena_77_block_sizes,
          minmay_gauntlet_arena_77_hold_the_fort,
          minmay_gauntlet_arena_77_braids, minmay_gauntlet_arena_77_cramped,
          minmay_gauntlet_arena_77_tiled_triplets,
          minmay_gauntlet_arena_77_two_lines, gauntlet_exit_watery]

Skill      XL: |  1  2  3  4  5  6  7  8  9 10 11 12 13 |
---------------+----------------------------------------+-----
Axes           | 3 4 6 7 8 10 12 14 16 17 | 17.0
Fighting       | 4 5 6 8 11 14 16 | 16.9
Armour         | 4 5 7 9 11 13 14 | 14.7
Shields        | 4 5 |  5.0
Evocations     | 2 |  2.0

Action                   |  1- 3 |  4- 6 |  7- 9 | 10-12 | 13-15 || total
-------------------------+-------+-------+-------+-------+-------++-------
Melee: War axe           |    86 |    97 |   172 |   322 |   155 ||   832
Throw: Boomerang         |    16 |     6 |       |       |       ||    22
       Javelin           |       |       |     2 |     6 |     4 ||    12
Invok: Berserk           |       |       |     2 |     2 |       ||     4
Evoke: Wand              |       |       |       |     2 |    13 ||    15
  Use: Potion            |       |     1 |       |       |       ||     1
       Scroll            |       |       |       |    12 |     4 ||    16
Armor: Scale mail        |    38 |    47 |    21 |       |       ||   106
       Chain mail        |       |       |    13 |    13 |       ||    26
       Plate armour      |       |       |       |    80 |    74 ||   154
Dodge: Dodged            |    36 |    31 |    45 |    84 |    69 ||   265
Block: Buckler           |    19 |    32 |    41 |    72 |    31 ||   195
       Reflection        |       |       |     2 |     3 |       ||     5
